 Dungeon Crawl Stone Soup version 0.29.1-2-gbd0b4ee654 (webtiles) character file.

Game seed: 17854667425333201567

5236 GorkyZ the Trooper (level 10, -15/115 HPs)
             Began as a Demonspawn Fighter on Nov 22, 2022.
             Was an Initiate of Gozag.
             Demolished by an orc warrior
             ... wielding a +0 trident
              (18 damage)
             ... in a bailey.
             The game lasted 00:39:42 (7274 turns).

GorkyZ the Trooper (Demonspawn Fighter)             Turns: 7274, Time: 00:39:42

Health: -15/115    AC: 25    Str: 23    XL:     10   Next: 35%
Magic:  10/10      EV:  2    Int: 11    God:    Gozag
Gold:   277        SH: 11    Dex: 22    Spells: 9/9 levels left

rFire   . . .      SeeInvis +   o - +3 hand axe (flame)
rCold   + . .      Faith    .   c - +0 buckler
rNeg    . . .      Spirit   .   (body armour currently unavailable)
rPois   +          Reflect  +   (helmet currently unavailable)
rElec   .          Harm     .   (cloak currently unavailable)
rCorr   .          Rampage  .   (gloves currently unavailable)
Will    .....      NoTele   +   (boots currently unavailable)
Stlth   +++.......              q - amulet of reflection
HPRegen 0.29/turn               n - ring "Kajizepi" {rC+ Str+3 Dex+6 SInv}
MPRegen 0.12/turn               (no ring)

@: tree-form, gold aura, studying Shields, invisible, very slow
A: stationary, stasis, torment immunity, boosted hp, (antennae 2), (spiny 3),
big brain 1, (claws 1), thin skeletal structure 1, (electricity resistance),
subdued magic 1
a: Renounce Religion, Potion Petition, Call Merchant, Bribe Branch


You were in a bailey.
You worshipped Gozag.
Gozag was aware of your devotion.
You were a tree.
You visited 2 branches of the dungeon, and saw 8 of its levels.
You also visited: Ossuary and Bailey.

You collected 389 gold pieces.
You spent 20 gold pieces at shops.
You paid 92 gold pieces to Gozag.

Inventory:

Hand Weapons
 a - a +1 war axe
 o - a +3 hand axe of flaming (weapon)
 A - a +3 battleaxe
 D - a +0 vorpal hand axe
Armour
 b - a +0 scale mail
 c - a +0 buckler (worn)
 f - a +0 pair of gloves (melded)
 m - a +1 cloak (melded)
 p - a +1 hat (melded)
 u - a +0 plate armour (melded)
 x - a +0 chain mail
Jewellery
 n - the ring "Kajizepi" (left branch) {rC+ Str+3 Dex+6 SInv}
   (You found it on level 2 of the Dungeon)

   [ring of dexterity]

   Str:       It affects your strength (+3).
   Dex:       It affects your dexterity (+6).
   rC:        It protects you from cold.
   SInv:      It lets you see invisible.
 q - an amulet of reflection (around neck)
 t - a ring of see invisible
 z - an amulet of the acrobat
Wands
 w - a wand of paralysis (5)
 E - a wand of polymorph (9)
Scrolls
 g - a scroll of identify
 h - 3 scrolls of teleportation
 i - a scroll of butterflies
 k - 2 scrolls of immolation
 C - a scroll of amnesia
Potions
 d - a potion of might
 e - 6 potions of attraction
 j - 3 potions of flight
 s - a potion of degeneration
 F - a potion of cancellation


   Skills:
 + Level 6.6 Fighting
 + Level 5.6 Axes
 + Level 5.0 Throwing
 + Level 5.9 Armour
 + Level 5.3 Dodging
 + Level 6.1 Shields
 + Level 5.5 Evocations


You had 9 spell levels left.
You didn't know any spells.
Your spell library contained the following spells:

 Spells                   Type           Power      Damage    Failure   Level
 Sandblast                Erth           0%         2d4       36%         1
 Passwall                 Tmut/Erth      0%         N/A       52%         2
 Gell's Gravitas          Tloc           0%         N/A       77%         3
 Stone Arrow              Conj/Erth      0%         3d7       77%         3
 Teleport Other           Tloc           0%         N/A       77%         3
 Cause Fear               Hex            0%         N/A       99%         4
 Dispersal                Tloc           0%         N/A       100%        6
 Dragon Form              Tmut           0%         N/A       100%        7
 Dragon's Call            Summ           0%         N/A       100%        9


Dungeon Overview and Level Annotations

Branches:
Dungeon (7/15)             Temple (1/1) D:7         Ossuary (visited)
 Bailey (1/1)

Altars:
Fedhas
Gozag
Kikubaaqudgha
Sif Muna

Shops:
D:2 *

Annotations:
D:3 3 runed translucent doors, DildoBatman's ghost, amateur FoCj
D:5 3 runed translucent doors, mertek's ghost, amateur GrFi


Innate Abilities, Weirdness & Mutations

You are a tree.
Your roots penetrate the ground, keeping you stationary.
You cannot be teleported.
You are immune to unholy pain and torment.
Your maximum health is greatly increased.
Your equipment is partially melded.
((You have a pair of antennae on your head.))
((You are completely covered in sharp spines.))
You have an unusually large brain. (Int +2)
((You have sharp fingernails.))
You have a somewhat thin skeletal structure. (Dex +2, Stealth+)
((You are resistant to electric shocks. (rElec)))
Your spells are a little easier to cast, but a little less powerful.


Message History

The orc knight hits you but does no damage.
The orc warrior hits you from afar with a +0 trident.
* * * LOW HITPOINT WARNING * * *
You hit the orc knight. You burn the orc knight.
You kill the orc knight!
You hear a splash. x2
You block the orc warrior's attack.
Your Throwing skill increases to level 5!
Your Shields skill increases to level 6!
You hit the orc warrior. You burn the orc warrior.
The orc warrior is almost dead.
You block the orc warrior's attack.
The orc warrior hits you but does no damage.
You slash the orc warrior! You burn the orc warrior.
You kill the orc warrior!
You hear a splash. x2
You block the orc warrior's attack.
An orc warrior is nearby!
An orc warrior is nearby!
An orc warrior is nearby!
An orc warrior is nearby!
An orc warrior is nearby!
An orc warrior is nearby!
An orc warrior is nearby!
An orc warrior is nearby!
An orc warrior is nearby!
An orc warrior is nearby!
The orc warrior splashes around in the water.
The orc warrior hits you from afar with a +0 trident!
* * * LOW HITPOINT WARNING * * *
You cannot teleport because you are held in place by your roots.
You cannot move.
You fade into invisibility!
You block the orc warrior's attack.
You cannot move.
The orc warrior hits you from afar with a +0 trident!
* * * LOW HITPOINT WARNING * * *
The orc warrior hits you from afar with a +0 trident!!
You die...
Your body crumbles into a pile of gold.

~~~~~~~~~##~~~~~##~~~~~))~~.....
~~~~~~~~~##'''#~~##~~~~~~~~.....
~~~~~##~~##∩.∩##~(#~~~~~~~~.....
~~~~~##~####o####~##~~~~~~~.....
~~~~~##~'.#.o.#.'~##~~~~~~~.....
~~~~~##~###.8o###(##)~~~~~~.....
~~~~~##~')#?.:#.'o##~~~~~~~.....
~~~~~##~#########$##~~~~~~~.....
~~~~~~#~~##)#)##♣~#~~~~~~~~.....
~~~~~~##~~#'#'#~~##~~~~~~~~.....
~~~~~~~##~~~~~~~##~~~~~~~~~.....
≈~≈≈≈~~~#########~~~≈≈≈~≈≈~.....
#.##≈~~~~~~###~~~~~~≈##.#≈≈.....
#.∩#≈~~~~~~~~~~~~~~~≈#∩.##≈.....
...))~~~~~~~~~~~~~~~~....#≈....
#.##≈)~~~~~~~~~~~~~~≈##.##≈....
###≈≈)~~~~~~~~~~~~~~≈≈### ....


You could see an orc warrior (strong).

Vanquished Creatures
  An orc knight (Bailey)
  Menkaure (D:7)
  A water moccasin (D:7)
  Duvessa (D:7)
  A black bear (D:5)
  15 orc warriors
  2 ice beasts
  3 ogres (D:5)
  2 centaurs
  2 phantoms
  A gnoll sergeant (D:6)
  3 necrophages
  2 scorpions
  10 wights
  6 killer bees (D:7)
  Dowan (D:7)
  An electric eel (D:6)
  2 howler monkeys
  2 jellies (D:6)
  2 hounds (D:6)
  4 orc priests
  A gnoll bouda (D:7)
  2 iguanas
  7 orc wizards
  12 mummies (Ossuary)
  5 gnolls (D:7)
  7 adders
  A shadow imp (D:6)
  A white imp (D:6)
  4 ufetubi
  4 worms
  2 dart slugs
  35 orcs
  6 ball pythons
  6 endoplasms
  3 giant cockroaches
  12 goblins
  8 hobgoblins
  3 jackals (D:2)
  3 quokkas
  9 bats
  3 frilled lizards
  A gnoll skeleton (Ossuary)
  2 goblin skeletons (Ossuary)
  8 kobolds
  4 kobold skeletons (Ossuary)
  An orc skeleton (Ossuary)
  7 rats
  11 rat skeletons (Ossuary)
231 creatures vanquished.

Vanquished Creatures (others)
  13 plants
13 creatures vanquished.

Grand Total: 244 creatures vanquished

Notes
Turn   | Place    | Note
-------+----------+-------------------------------------------
     0 | D:1      | GorkyZ the Demonspawn Fighter began the quest for the Orb.
     0 | D:1      | Reached XP level 1. HP: 18/18 MP: 1/1
   178 | D:1      | Gained mutation: You have an unusually large brain. (Int
                  | +2) [demonic ancestry]
   178 | D:1      | Reached XP level 2. HP: 19/24 MP: 2/2
   502 | D:1      | Found a faded altar of an unknown god.
   755 | D:2      | Gained mutation: You are partially covered in sharp spines.
                  | [demonic ancestry]
   755 | D:2      | Reached XP level 3. HP: 24/29 MP: 3/3
   823 | D:2      | Reached skill level 1 in Throwing
   823 | D:2      | Reached skill level 1 in Dodging
   823 | D:2      | Reached skill level 1 in Evocations
  1028 | D:2      | Found Oschann's General Store.
  1033 | D:2      | Bought a scroll of identify for 20 gold pieces
  1157 | D:2      | Gained mutation: You have a pair of small antennae on your
                  | head. [demonic ancestry]
  1157 | D:2      | Reached XP level 4. HP: 35/35 MP: 4/4
  1251 | D:2      | Identified the ring "Kajizepi" {rC+ Str+3 Dex+6 SInv}
  1503 | D:3      | Found a runed translucent gate.
  1507 | D:3      | Found a runed translucent gate.
  1507 | D:3      | Found a runed translucent gate.
  2238 | D:3      | Noticed DildoBatman's ghost (amateur FoCj)
  2412 | D:4      | Gained mutation: You are strong-willed. (Will+) [potion of
                  | mutation]
  2507 | D:4      | Lost mutation: You are strong-willed. (Will+) [potion of
                  | mutation]
  2507 | D:4      | Gained mutation: Your spells are a little easier to cast,
                  | but a little less powerful. [potion of mutation]
  2507 | D:4      | Gained mutation: You have a somewhat thin skeletal
                  | structure. (Dex +2, Stealth+) [potion of mutation]
  2507 | D:4      | Gained mutation: You have sharp fingernails. [potion of
                  | mutation]
  2507 | D:4      | Gained mutation: You are resistant to electric shocks.
                  | (rElec) [potion of mutation]
  2584 | D:4      | Noticed a centaur
  2590 | D:4      | Killed a centaur
  2591 | D:4      | Gained mutation: You are mostly covered in sharp spines.
                  | [demonic ancestry]
  2591 | D:4      | Reached XP level 5. HP: 21/41 MP: 5/5
  2809 | D:4      | Noticed a phantom
  2819 | D:4      | Killed a phantom
  2820 | D:4      | Reached XP level 6. HP: 46/48 MP: 6/6
  3135 | D:5      | Entered Level 5 of the Dungeon
  3565 | D:5      | Noticed mertek's ghost (amateur GrFi)
  3578 | D:5      | Found a runed translucent gate.
  3578 | D:5      | Found a runed translucent gate.
  3582 | D:5      | Identified the +0 chain mail of Xuusemul {rElec rCorr
                  | Dex-2}
  3586 | D:5      | Found a runed translucent gate.
  3674 | D:5      | Gained mutation: You are completely covered in sharp
                  | spines. [demonic ancestry]
  3674 | D:5      | Reached XP level 7. HP: 30/54 MP: 7/7
  4278 | D:6      | Gained mutation: You have a pair of antennae on your head.
                  | [demonic ancestry]
  4278 | D:6      | Reached XP level 8. HP: 61/61 MP: 8/8
  4631 | D:6      | Found a sand-covered staircase.
  4640 | D:6      | Reached skill level 5 in Fighting
  4651 | Ossuary  | Entered an ossuary
  5201 | D:6      | HP: 1/62 [orc priest/divine providence (9)]
  5598 | D:6      | Reached XP level 9. HP: 41/68 MP: 9/9
  5748 | D:6      | Reached skill level 5 in Shields
  6034 | D:7      | Reached skill level 5 in Armour
  6179 | D:7      | Found a flagged portal.
  6223 | D:7      | Noticed Menkaure
  6237 | D:7      | Killed Menkaure
  6267 | D:7      | Reached skill level 5 in Axes
  6273 | D:7      | Noticed Duvessa
  6278 | D:7      | Noticed Dowan
  6281 | D:7      | Killed Duvessa
  6285 | D:7      | Killed Dowan
  6332 | D:7      | Reached skill level 5 in Evocations
  6518 | D:7      | Found a staircase to the Ecumenical Temple.
  6532 | Temple   | Entered the Ecumenical Temple
  6558 | Temple   | Became a worshipper of Gozag Ym Sagoz the Greedy
  6583 | Bailey   | Entered a bailey
  6640 | Bailey   | Reached XP level 10. HP: 36/76 MP: 10/10
  6853 | Bailey   | Reached skill level 5 in Dodging
  7230 | Bailey   | Noticed an orc knight
  7267 | Bailey   | Killed an orc knight
  7268 | Bailey   | Reached skill level 5 in Throwing
  7273 | Bailey   | HP: 2/115 [orc warrior/+0 trident (10)]
  7274 | Bailey   | Demolished by an orc warrior

Illustrated notes

Levels and vault maps discovered:
D:1:      minmay_arrival_stone_box, layout_rooms,
          shapermc_ecumenical_altar_mp_ritualfount
D:2:      kennysheep_big_flooded_room, layout_loops_cross, serial_shops,
          nicolae_shop_trees
D:3:      layout_basic, gammafunk_ghost_icy
D:4:      layout_loops_ring
D:5:      wander_river, layout_cave_pools, biasface_ghost_orc_armoury,
          serial_glass, glass_columns_a, glass_columns_a
D:6:      layout_cave_pools, nicolae_ossuary_entry_monument,
          serial_bayou_ford_a, kennysheep_cross_room,
          kennysheep_opposing_triangles
D:7:      layout_rooms, temple_statues, enter_bailey_5, uniq_duvessa,
          uniq_menkaure
Temple:   jpeg_temple_clearing
Bailey:   bailey_polearm_2, bailey

Skill      XL: |  1  2  3  4  5  6  7  8  9 10 |
---------------+-------------------------------+-----
Axes           | 2 3 4 5 |  5.6
Armour         | 3 4 5 |  5.9
Shields        | 3 4 5 6 |  6.1
Throwing       | 1 2 3 4 5 |  5.0
Dodging        | 1 2 3 4 5 |  5.3
Evocations     | 1 2 3 4 5 |  5.5
Fighting       | 4 5 6 |  6.6

Action                   |  1- 3 |  4- 6 |  7- 9 | 10-12 || total
-------------------------+-------+-------+-------+-------++-------
Melee: War axe           |    88 |    74 |       |       ||   162
       Hand axe          |       |    51 |   228 |    34 ||   313
Throw: Javelin           |       |       |    24 |    16 ||    40
       Boomerang         |       |       |    98 |     4 ||   102
       Dart              |       |       |       |     5 ||     5
  Use: Scroll            |       |    12 |    14 |       ||    26
       Potion            |       |     2 |     6 |     4 ||    12
 Stab: Sleeping          |       |     2 |       |       ||     2
       Distracted        |       |       |       |     1 ||     1
Armor: Scale mail        |    49 |    28 |       |       ||    77
       Chain mail        |       |     4 |    39 |       ||    43
       Plate armour      |       |       |    37 |     9 ||    46
       Skin              |       |       |       |     2 ||     2
Dodge: Dodged            |    57 |    30 |    57 |    11 ||   155
Block: Buckler           |    24 |    54 |   149 |    37 ||   264
       Reflection        |       |     1 |    16 |     7 ||    24
